 Dungeon Crawl Stone Soup version 0.22-a0-368-g870eee8 (webtiles) character file.

7331 magipi the Basher (level 10, -11/81 HPs)
             Began as a Minotaur Skald on Apr 23, 2018.
             Was an Elder of Ru.
             Mangled by a tengu warrior
             ... wielding a +3 long sword of electrocution
              (17 damage)
             ... on level 11 of the Dungeon.
             The game lasted 00:45:32 (12541 turns).

magipi the Basher (Minotaur Skald)                 Turns: 12541, Time: 00:45:33

Health: -11/81     AC:  8    Str: 16    XL:     10   Next: 90%
Magic:  15/15      EV: 12    Int: 17    God:    Ru [****..]
Gold:   435        SH:  0    Dex: 14    Spells: 11/17 levels left

rFire    + . .     SeeInvis .   b - +0 dire flail (crush)
rCold    . . .     Gourm    .   (shield currently unavailable)
rNeg     . . .     Faith    .   p - +2 robe {rF+}
rPois    +         Spirit   .   (helmet restricted)
rElec    .         Reflect  .   t - +1 cloak
rCorr    .         Harm     .   (no gloves)
MR       .....                  k - +1 pair of boots
Stlth    ++........             D - amulet "Qakk" {Acrobat rPois Int+4 Dex+4}
HPRegen  0.23/turn              l - ring of stealth
MPRegen  0.14/turn              (no ring)

@: horrified, berserk cooldown
A: retaliatory headbutt, horns 2, cowardly, inexperienced 1
a: Draw Out Power, Power Leap, Renounce Religion


You were on level 11 of the Dungeon.
You worshipped Ru.
Ru was greatly pleased with you.
You were hungry.

You visited 2 branches of the dungeon, and saw 12 of its levels.

You collected 540 gold pieces.
You spent 105 gold pieces at shops.

Inventory:

Hand Weapons
 a - a +0 morningstar
   (You took it off a gargoyle on level 10 of the Dungeon)
 b - a +0 dire flail of crushing (weapon)
   (You took it off a two-headed ogre on level 10 of the Dungeon)
Missiles
 y - 7 javelins
 F - 3 throwing nets (quivered)
Armour
 k - a +1 pair of boots (worn)
   (You found it on level 2 of the Dungeon)
 p - a +2 robe of fire resistance (worn)
   (You took it off an orc wizard on level 8 of the Dungeon)
 t - a +1 cloak (worn)
   (You found it on level 3 of the Dungeon)
Jewellery
 l - a ring of stealth (left hand)
   (You found it on level 2 of the Dungeon)
 D - the amulet "Qakk" (around neck) {Acrobat rPois Int+4 Dex+4}
   (You found it on level 4 of the Dungeon)

   [amulet of the acrobat]

   It helps you evade while moving and waiting.
   It affects your intelligence (+4).
   It affects your dexterity (+4).
   It protects you from poison.
Wands
 g - a wand of flame (27)
   (You found it on level 2 of the Dungeon)
 E - a wand of paralysis (28)
   (You found it on level 5 of the Dungeon)
Scrolls
 e - 4 scrolls of teleportation
 h - a scroll of amnesia
 j - a scroll of identify
 m - a scroll of fog
 o - 5 scrolls of remove curse
 r - 2 scrolls of noise
 z - 2 scrolls of blinking
 C - a scroll of enchant weapon
 H - a scroll of fear
Potions
 c - 3 potions of heal wounds
 f - a potion of flight
 i - 5 potions of curing
 n - 4 potions of lignification
 u - a potion of haste
 v - a potion of degeneration
 x - 2 potions of mutation
 A - a potion of might
 B - a potion of agility
 G - a potion of brilliance
Comestibles
 d - 19 rations


   Skills:
 - Level 5.0 Fighting
 - Level 12.0 Maces & Flails
 - Level 1.2 Armour
 - Level 2.1 Dodging
 - Level 4.0 Spellcasting
 + Level 5.3 Hexes
 + Level 5.1 Charms
 + Level 5.3 Ice Magic
 + Level 2.7 Evocations


You had 11 spell levels left.
You knew the following spells:

 Your Spells              Type           Power        Failure   Level  Hunger
o - Ozocubu's Armour      Chrm/Ice       ###.....     5%          3    ###....
w - Spectral Weapon       Hex/Chrm       ###.....     5%          3    ###....


Dungeon Overview and Level Annotations

Branches:
Dungeon (11/15)            Temple (1/1) D:4            Lair (0/6) D:11
    Orc (0/2) D:11

Altars:
Ashenzari
Cheibriados
Dithmenos
Elyvilon
Fedhas
Gozag
Hepliaklqana
Kikubaaqudgha
Makhleb
Nemelex Xobeh
Okawaru
Qazlal
Ru
Sif Muna
Trog
Uskayaw
Vehumet
Wu Jian
Xom
Yredelemnul
Zin
The Shining One

Shops:
D:5 ?   D:6 [

Portals:
Trove: D:10 (give +2 fire dragon scales)


Innate Abilities, Weirdness & Mutations

You reflexively headbutt those who attack you in melee.
You have a pair of horns on your head.
Your cowardice makes you less effective in combat with threatening monsters.
You are somewhat inexperienced. (-2 XL)


Message History

You feel yourself moving faster!
You feel mighty!
You puncture the four-headed hydra!
The four-headed hydra is lightly wounded.
The four-headed hydra bites you!
The four-headed hydra completely misses you.
The four-headed hydra bites you. x2
You barely miss the four-headed hydra.
The four-headed hydra is lightly wounded.
Unknown command.
You barely miss the four-headed hydra. You headbutt the four-headed hydra!
The four-headed hydra is moderately wounded.
The four-headed hydra bites you!
The four-headed hydra barely misses you.
The four-headed hydra bites you but does no damage.
The four-headed hydra bites you.
You puncture the four-headed hydra!
Your headbutt misses the four-headed hydra.
The four-headed hydra is heavily wounded.
You puncture the four-headed hydra!
The four-headed hydra is severely wounded.
The four-headed hydra bites you.
The four-headed hydra completely misses you.
The four-headed hydra bites you but does no damage.
The four-headed hydra misses you.
You thump the four-headed hydra!
You kill the four-headed hydra!
There is an open door, spattered with blood here.
You feel a strong urge to attack something.
You feel your anger nearly subside.
You are no longer berserk.
You are exhausted.
You feel yourself slow down. As you open the door, it creaks loudly!
A tengu warrior comes into view.
It is wielding a long sword of electrocution.
You feel a twist of horror at the sight of this foe.
You are feeling hungry.
The tengu warrior hits you with a long sword of electrocution!
You focus your will and blind the tengu warrior in retribution!
The tengu warrior completely misses you.
The tengu warrior barely misses you.
You puncture the tengu warrior!
The tengu warrior is moderately wounded.
You hit the tengu warrior but do no damage.
Your headbutt misses the tengu warrior.
The tengu warrior is moderately wounded.
The tengu warrior barely misses you. You furiously retaliate!
You headbutt the tengu warrior. The tengu warrior pecks you.
The tengu warrior barely misses you.
You barely miss the tengu warrior.
The tengu warrior is moderately wounded.
You redirect the tengu warrior's attack!
The tengu warrior misses itself.
The tengu warrior barely misses itself.
The tengu warrior closely misses itself.
You barely miss the tengu warrior.
The tengu warrior is moderately wounded.
You redirect the tengu warrior's attack!
The tengu warrior hits itself with a long sword of electrocution!
The tengu warrior misses itself.
The tengu warrior completely misses itself.
You closely miss the tengu warrior.
The tengu warrior is heavily wounded.
The tengu warrior hits you but does no damage.
You are electrocuted!
The tengu warrior misses you.
The tengu warrior claws you but does no damage.
You strike the helpless tengu warrior from behind!
You sock the tengu warrior!
The tengu warrior is severely wounded.
The tengu warrior hits you but does no damage.
You are electrocuted!
The tengu warrior pecks you. The tengu warrior claws you.
You completely miss the tengu warrior. Your headbutt misses the tengu warrior.
The tengu warrior is severely wounded.
You hit the tengu warrior but do no damage.
The tengu warrior is severely wounded.
The tengu warrior is no longer blind.
The tengu warrior hits you but does no damage.
The tengu warrior pecks you.
The tengu warrior claws you but does no damage.
Unknown command.
You feel much better.
You feel yourself speed up.
The tengu warrior hits you with a long sword of electrocution.
You are electrocuted!
The tengu warrior pecks you but does no damage.
The tengu warrior claws you but does no damage.
Unknown command.
You closely miss the tengu warrior.
The tengu warrior is severely wounded.
The tengu warrior hits you with a long sword of electrocution!
* * * LOW HITPOINT WARNING * * *
The tengu warrior pecks you but does no damage.
The tengu warrior misses you.
You hit the tengu warrior.
You headbutt the tengu warrior, but do no damage.
The tengu warrior is severely wounded.
Unknown command.
You hit the tengu warrior.
The tengu warrior is almost dead.
The tengu warrior hits you with a long sword of electrocution!
* * * LOW HITPOINT WARNING * * *
You are electrocuted!
You die...

.......#,,,,,#.......#
.......#,,,,,#.......#
....##########...#...#
....#,,,.........#...#
....#,,,.........#...#
....#,,*###......#...#
....#***,,#..#...#####
....#,,*.....#..Q'...#
....#,,+....,#..@#...#
,,,,*,,*...,,#...#*###
,,,,****###,,#...#,,,*
,,,,*,,*,,,,,#...#,,,*
,,,,*,,*,,,,,#...#,,,*
*****+*****,,#...#,,,*
,,,,,<,,,,*,,#...#,,,*
*,***,,,,,*,,#...#,,,*
,,,,***,,,+,,*,,,*,,,*


You could see a tengu warrior.

Vanquished Creatures
  2 hydras
  2 two-headed ogres
  Psyche (D:8)
  A centaur skeleton (D:10)
  A gargoyle (D:10)
  2 dream sheep (D:8)
  The ghost of khargal the Shield-Bearer, an amateur GrFi (D:4)
  2 yaks (D:8)
  A wraith (D:10)
  2 porcupines (D:11)
  2 orc warriors
  2 sky beasts
  4 black bears
  A phantom (D:7)
  6 ogres
  2 ice beasts
  2 centaurs
  5 big kobolds
  9 bullfrogs
  A water moccasin zombie (D:5)
  3 scorpions
  3 killer bees
  4 wights (D:9)
  3 howler monkeys (D:8)
  A centaur zombie (D:6)
  4 crimson imps
  A quasit (D:10)
  7 hounds
  3 gnoll shamans (D:5)
  4 orc priests
  5 orc wizards
  A bullfrog skeleton (D:5)
  Jessica (D:3)
  An iguana (D:7)
  5 worker ants
  A hound zombie (D:11)
  A hound skeleton (D:6)
  Robin (D:2)
  44 gnolls
  12 adders
  A shadow imp (D:9)
  An ooze (D:1)
  An adder zombie (D:9)
  5 worms
  4 dart slugs
  5 leopard geckos
  50 orcs
  8 bats
  7 giant cockroaches
  16 hobgoblins
  28 jackals
  4 quokkas
  2 ball pythons (D:3)
  4 frilled lizards
  15 goblins
  A jackal skeleton (D:5)
  12 kobolds
  A leopard gecko skeleton (D:8)
  3 rats
322 creatures vanquished.

Vanquished Creatures (others)
  An adder (D:11)
  A kobold (D:7)
  14 fungi (D:11)
  4 plants (D:11)
  A spectral weapon (D:7)
21 creatures vanquished.

Grand Total: 343 creatures vanquished

Notes
Turn   | Place    | Note
-------+----------+-------------------------------------------
     0 | D:1      | magipi the Minotaur Skald began the quest for the Orb.
     0 | D:1      | Reached XP level 1. HP: 18/18 MP: 1/1
    57 | D:1      | Reached skill level 3 in Maces & Flails
   102 | D:1      | Reached XP level 2. HP: 25/25 MP: 3/3
   225 | D:1      | Reached skill level 4 in Maces & Flails
   455 | D:1      | Reached XP level 3. HP: 28/30 MP: 4/4
   873 | D:2      | Reached skill level 5 in Maces & Flails
   879 | D:2      | Found a radiant altar of Vehumet.
   879 | D:2      | Found a glowing golden altar of the Shining One.
  1131 | D:2      | Reached XP level 4. HP: 35/37 MP: 5/5
  1485 | D:2      | Noticed Robin
  1497 | D:2      | Killed Robin
  1641 | D:3      | Found a deep blue altar of Sif Muna.
  1642 | D:3      | Found an ancient bone altar of Kikubaaqudgha.
  1648 | D:3      | Reached skill level 6 in Maces & Flails
  1924 | D:3      | Found a hazy altar of Hepliaklqana.
  2045 | D:3      | Reached XP level 5. HP: 33/42 MP: 6/6
  2161 | D:3      | Noticed Jessica
  2182 | D:3      | Killed Jessica
  2333 | D:3      | Reached skill level 7 in Maces & Flails
  2535 | D:4      | Noticed an ogre
  2616 | D:3      | Reached XP level 6. HP: 23/50 MP: 7/7
  2873 | D:4      | Noticed khargal's ghost (amateur GrFi)
  2959 | D:4      | Reached skill level 8 in Maces & Flails
  3263 | D:4      | Reached skill level 9 in Maces & Flails
  3308 | D:4      | Reached XP level 7. HP: 52/56 MP: 8/8
  3370 | D:4      | Killed khargal's ghost
  3370 | D:4      | Reached skill level 10 in Maces & Flails
  3695 | D:4      | Found a basalt altar of Yredelemnul.
  3732 | D:4      | Found a staircase to the Ecumenical Temple.
  3745 | D:4      | Got a vibrating bone amulet
  3751 | Temple   | Entered the Ecumenical Temple
  4003 | Temple   | Became a worshipper of Ru the Awakened
  4102 | D:5      | Entered Level 5 of the Dungeon
  4186 | D:5      | Found a white marble altar of Elyvilon.
  4235 | D:5      | Identified the amulet "Qakk" {Acrobat rPois Int+4 Dex+4} (You found it on level 4 of the Dungeon)
  4427 | D:4      | Reached skill level 11 in Maces & Flails
  4497 | D:5      | HP: 2/56 [ogre/giant spiked club (23)]
  4499 | D:5      | Reached XP level 8. HP: 26/62 MP: 9/9
  4760 | D:5      | Reached skill level 12 in Maces & Flails
  4835 | D:5      | Learned a level 3 spell: Spectral Weapon
  5330 | D:5      | Found Sucleclu's Magic Scroll Shop.
  5336 | D:5      | Bought a scroll of fear for 49 gold pieces
  5336 | D:5      | Bought a scroll of noise for 14 gold pieces
  5336 | D:5      | Bought a scroll of remove curse for 42 gold pieces
  5557 | D:5      | Reached skill level 1 in Hexes
  6196 | D:6      | Learned a level 3 spell: Ozocubu's Armour
  6223 | D:6      | Reached XP level 9. HP: 64/71 MP: 11/11
  6335 | D:6      | Reached skill level 1 in Ice Magic
  6852 | D:6      | Found a shattered altar of Ashenzari.
  6862 | D:6      | Reached skill level 5 in Fighting
  7076 | D:6      | Found a hide-covered altar of Uskayaw.
  7124 | D:6      | Found Cywihiud's Antique Armour Shop.
  7665 | D:7      | Gained mutation: You are somewhat inexperienced. (-2 XL) [Ru sacrifice]
  7665 | D:7      | Reached XP level 8. HP: 64/68 MP: 11/11
  7665 | D:7      | Reached XP level 7. HP: 61/61 MP: 10/10
  7665 | D:7      | Reached * piety under Ru
  7665 | D:7      | Reached ** piety under Ru
  7909 | D:7      | Reached XP level 8. HP: 61/68 MP: 11/11
  8417 | D:8      | HP: 1/68 [orc wizard/magic dart (6)]
  8580 | D:8      | Noticed Psyche
  8591 | D:8      | Killed Psyche
  9058 | D:8      | Noticed a dream sheep
  9058 | D:8      | Noticed a dream sheep
  9079 | D:8      | Killed a dream sheep
  9079 | D:8      | Reached XP level 9. HP: 65/74 MP: 13/13
  9397 | D:8      | Noticed a three-headed hydra
  9407 | D:8      | Killed a three-headed hydra
 10517 | D:9      | Gained mutation: Your cowardice makes you less effective in combat with threatening monsters. [Ru sacrifice]
 10517 | D:9      | Reached *** piety under Ru
 10517 | D:9      | Reached **** piety under Ru
 10727 | D:9      | Reached XP level 10. HP: 73/81 MP: 15/15
 10926 | D:10     | Entered Level 10 of the Dungeon
 11019 | D:10     | Noticed a two-headed ogre
 11188 | D:10     | Noticed a gargoyle
 11196 | D:10     | Killed a gargoyle
 11235 | D:10     | Found a portal to a secret trove of treasure.
 11397 | D:10     | Killed a two-headed ogre
 11397 | D:10     | Reached skill level 5 in Hexes
 11397 | D:10     | Reached skill level 5 in Ice Magic
 11397 | D:10     | Reached skill level 1 in Evocations
 11753 | D:11     | Found a frozen archway.
 11763 | D:11     | Found a staircase to the Orcish Mines.
 11767 | D:11     | Noticed a cyclops
 12180 | D:11     | Noticed a two-headed ogre
 12199 | D:11     | Killed a two-headed ogre
 12202 | D:11     | Found a staircase to the Lair.
 12482 | D:11     | Reached skill level 5 in Charms
 12503 | D:11     | Noticed a four-headed hydra
 12510 | D:11     | Killed a four-headed hydra
 12528 | D:11     | Noticed a tengu warrior
 12541 | D:11     | Mangled by a tengu warrior

Vault maps used:
D:1:      dpeg_arrival_rooms_c, serial_bayou_pond_b
D:2:      gammafunk_temple_overflow_wave, first_ration, uniq_robin
D:3:      old_standard_altar, chequers_temple_overflow_statue_of_worship,
          uniq_jessica
D:4:      minmay_temple_entry_trees, yredelemnul_altar_generic
D:5:      lemuel_castle_with_subvaults, lemuel_round_altar, serial_shops, shop
D:6:      lemuel_doored_altar, kennysheep_little_box, serial_shops, shop
D:8:      hangedman_ranch, uniq_psyche
D:9:      hangedman_decor_opposing
D:10:     nicolae_trove_entry_free_sample, minivault_25
D:11:     due_lair_maze_entry_diamond, kennysheep_orc_monster_closet_entryway,
          lab_entry_generic, portal_ice_cave_entry_pillars_2,
          grunt_qazlal_clouds
Temple:   dpeg_chambers_temple

Skill      XL: |  1  2  3  4  5  6  7  8  9 10 |
---------------+-------------------------------+-----
Maces & Flails | 3 4 5 6 7 9 11 12 | 12.0
Fighting       | 4 5 |  5.0
Hexes          | 3 4 5 |  5.3
Spellcasting   | 2 4 |  4.0
Charms         | 4 3 5 |  5.1
Ice Magic      | 3 4 5 |  5.3
Evocations     | 2 |  2.7
Armour         | |  1.2
Dodging        | |  2.1

Action                   |  1- 3 |  4- 6 |  7- 9 | 10-12 || total
-------------------------+-------+-------+-------+-------++-------
Melee: Mace              |    88 |   118 |   164 |       ||   370
       Headbutt          |     9 |    22 |   105 |    20 ||   156
       Flail             |       |    84 |   352 |       ||   436
       Dire flail        |       |       |   155 |   106 ||   261
       Morningstar       |       |       |       |     4 ||     4
 Cast: Spectral Weapon   |       |       |     2 |       ||     2
       Ozocubu's Armour  |       |       |     1 |     1 ||     2
Invok: Sacrifice Experie |       |       |     1 |       ||     1
       Sacrifice Courage |       |       |     1 |       ||     1
Evoke: Wand              |       |     2 |    14 |     7 ||    23
  Use: Potion            |     1 |     3 |     2 |     2 ||     8
       Scroll            |       |       |    18 |     3 ||    21
 Stab: Paralysed         |       |       |     4 |       ||     4
       Invisible         |       |       |     2 |     1 ||     3
       Distracted        |       |       |     1 |       ||     1
       Sleeping          |       |       |     1 |     2 ||     3
  Eat: Chunk             |       |     8 |    20 |     6 ||    34
       Ration            |       |       |     1 |       ||     1
Armor: Leather armour    |    21 |    21 |       |       ||    42
       Chain mail        |       |    68 |   138 |       ||   206
       Skin              |       |     9 |       |       ||     9
       Robe              |       |       |    63 |    43 ||   106
Dodge: Dodged            |    55 |    74 |   305 |    95 ||   529

Table legend:
 A = Spawn XP
 B = Non-spawn XP
 C = Spawn XP percentage of total XP
 D = Spawn monster count
 E = Non-spawn monster count
 F = Spawn count percentage of total count
 G = Total turns spent on level
                    A         B        C        D         E        F      G
               +---------+---------+-------+---------+---------+-------+---------
         Total |       0 |   13629 |   0.0 |       0 |     323 |   0.0 | 12541
               +---------+---------+-------+---------+---------+-------+---------
           D:1 |       0 |      46 |   0.0 |       0 |      25 |   0.0 |   646
           D:2 |       0 |     108 |   0.0 |       0 |      28 |   0.0 |   995
           D:3 |       0 |     300 |   0.0 |       0 |      39 |   0.0 |  1669
           D:4 |       0 |     734 |   0.0 |       0 |      28 |   0.0 |   889
           D:5 |       0 |    1482 |   0.0 |       0 |      80 |   0.0 |  1677
           D:6 |       0 |    1254 |   0.0 |       0 |      32 |   0.0 |  1418
           D:7 |       0 |     996 |   0.0 |       0 |      25 |   0.0 |   727
           D:8 |       0 |    3096 |   0.0 |       0 |      24 |   0.0 |  1389
           D:9 |       0 |     728 |   0.0 |       0 |      13 |   0.0 |  1308
          D:10 |       0 |    2141 |   0.0 |       0 |      15 |   0.0 |  1332
          D:11 |       0 |    2744 |   0.0 |       0 |      14 |   0.0 |   225
               +---------+---------+-------+---------+---------+-------+---------

Action                   |  1- 3 |  4- 6 |  7- 9 | 10-12 || total
-------------------------+-------+-------+-------+-------++-------
Melee: Mace              |    88 |   118 |   164 |       ||   370
       Headbutt          |     9 |    22 |   105 |    20 ||   156
       Flail             |       |    84 |   352 |       ||   436
       Dire flail        |       |       |   155 |   106 ||   261
       Morningstar       |       |       |       |     4 ||     4
 Cast: Spectral Weapon   |       |       |     2 |       ||     2
       Ozocubu's Armour  |       |       |     1 |     1 ||     2
Invok: Sacrifice Experie |       |       |     1 |       ||     1
       Sacrifice Courage |       |       |     1 |       ||     1
Evoke: Wand              |       |     2 |    14 |     7 ||    23
  Use: Potion            |     1 |     3 |     2 |     2 ||     8
       Scroll            |       |       |    18 |     3 ||    21
 Stab: Paralysed         |       |       |     4 |       ||     4
       Invisible         |       |       |     2 |     1 ||     3
       Distracted        |       |       |     1 |       ||     1
       Sleeping          |       |       |     1 |     2 ||     3
  Eat: Chunk             |       |     8 |    20 |     6 ||    34
       Ration            |       |       |     1 |       ||     1
Armor: Leather armour    |    21 |    21 |       |       ||    42
       Chain mail        |       |    68 |   138 |       ||   206
       Skin              |       |     9 |       |       ||     9
       Robe              |       |       |    63 |    43 ||   106
Dodge: Dodged            |    55 |    74 |   305 |    95 ||   529
